 Dungeon Crawl Stone Soup version 0.22-a0-443-g17c3723 (webtiles) character file.

173 emperorscorpion the Charmwright (level 5, -5/43 HPs)
             Began as a Gnoll Skald on June 1, 2018.
             Was an Initiate of Ashenzari.
             Slain by Ijyb
             ... wielding a +5 club
              (6 damage)
             ... on level 3 of the Dungeon.
             The game lasted 00:05:10 (2603 turns).

emperorscorpion the Charmwright (Gnoll Skald)       Turns: 2603, Time: 00:05:11

Health: -5/43      AC:  6    Str: 13    XL:     5   Next: 53%
Magic:  11/12      EV: 20    Int: 20    God:    Ashenzari [......]
Gold:   36         SH:  0    Dex: 19    Spells: 7/14 levels left

rFire    . . .     SeeInvis .   a - +0 spear
rCold    . . .     Gourm    .   (no shield)
rNeg     . . .     Faith    .   b - +0 leather armour
rPois    .         Spirit   .   (helmet restricted)
rElec    .         Reflect  .   C - scarf {cloud immunity}
rCorr    .         Harm     .   y - +2 pair of gloves
MR       .....                  (no boots)
Stlth    +++.......             (no amulet)
HPRegen  0.14/turn              m - +3 ring of intelligence (curse)
MPRegen  0.13/turn              (no ring)

@: agile, lethally poisoned (-5 -> -6)
A: distributed training, fangs 1, hooves 1, horns 1, strong nose
a: Curse Item, Renounce Religion


You were on level 3 of the Dungeon.
You worshipped Ashenzari.
Ashenzari was noncommittal.
You were not hungry.

You visited 1 branch of the dungeon, and saw 3 of its levels.

You collected 36 gold pieces.

Inventory:

Hand Weapons
 a - a +0 spear (weapon)
 r - a +3 dagger of flaming
Missiles
 n - 28 poisoned needles
 o - 52 stones (quivered)
 p - 38 sling bullets
 q - 20 bolts
 D - 20 arrows
Armour
 b - a +0 leather armour (worn)
 y - a +2 pair of gloves (worn)
 C - a scarf of cloud immunity (worn)
Jewellery
 m - a cursed +3 ring of intelligence (left hand)
Scrolls
 c - a scroll of noise {unknown}
 e - 4 scrolls of teleportation {unknown}
 h - 4 scrolls of enchant weapon {unknown}
 j - a scroll of magic mapping {unknown}
 s - a scroll of fear {unknown}
 t - 2 scrolls of blinking {unknown}
 u - a scroll of identify {unknown}
 w - a scroll of amnesia {unknown}
 x - a scroll of fog {unknown}
Potions
 i - a potion of brilliance {unknown}
 k - a potion of curing {unknown}
 l - a potion of haste {unknown}
 v - 2 potions of flight {unknown}
 A - 2 potions of degeneration {unknown}
 B - a potion of magic {unknown}
 E - a potion of resistance {unknown}
Comestibles
 d - 5 rations
 z - 7 chunks of flesh


   Skills:
 + Level 4.8 Fighting
 + Level 1.5 Short Blades
 + Level 1.5 Long Blades
 + Level 1.5 Axes
 + Level 1.5 Maces & Flails
 + Level 4.8 Polearms
 + Level 1.5 Staves
 + Level 1.5 Slings
 + Level 1.5 Bows
 + Level 1.5 Crossbows
 + Level 1.5 Throwing
 + Level 3.0 Armour
 + Level 4.8 Dodging
 + Level 1.5 Stealth
 + Level 1.5 Shields
 + Level 1.5 Unarmed Combat
 + Level 5.2 Spellcasting
 + Level 1.2 Conjurations
 + Level 1.2 Hexes
 + Level 5.5 Charms
 + Level 1.2 Summonings
 + Level 1.2 Necromancy
 + Level 1.2 Translocations
 + Level 1.2 Transmutations
 + Level 1.2 Fire Magic
 + Level 1.2 Ice Magic
 + Level 1.2 Air Magic
 + Level 1.2 Earth Magic
 + Level 1.2 Poison Magic
 + Level 1.7 Invocations
 + Level 1.5 Evocations


You had 7 spell levels left.
You knew the following spells:

 Your Spells              Type           Power        Failure   Level  Hunger
a - Infusion              Chrm           ####         1%          1    None
r - Regeneration          Chrm/Necr      ###.......   11%         3    ##.....
w - Spectral Weapon       Hex/Chrm       ###.....     11%         3    ##.....

Your spell library contained the following spells:

 Spells                   Type           Power        Failure   Level  Hunger
 Shroud of Golubria       Chrm/Tloc      ###.......   5%          2    None
 Song of Slaying          Chrm           ####....     2%          2    None


Dungeon Overview and Level Annotations

Branches:
Dungeon (3/15)

Altars:
Ashenzari

Annotations:
D:3 Ijyb


Innate Abilities, Weirdness & Mutations

Your experience applies equally to all skills.
You have very sharp teeth.
Your uncanny sense of smell can sniff out nearby items.
You have large cloven feet.
You have a pair of small horns on your head.


Message History

Your spectral weapon hits Ijyb from afar.
Ijyb barely misses you.
You hit Ijyb but do no damage.
Ijyb is severely wounded.
Your spectral weapon hits Ijyb but does no damage.
Ijyb hits you with an enchanted club!
* * * LOW HITPOINT WARNING * * *
You closely miss Ijyb.
Ijyb is severely wounded.
Your spectral weapon closely misses Ijyb.
Ijyb hits you with an enchanted club.
* * * LOW HITPOINT WARNING * * *
It was a potion of mutation.
You feel extremely strange.
Your feet thicken and deform.
A pair of horns grows on your head! Ijyb hits you but does no damage.
It was a potion of agility.
You feel agile all of a sudden.
* * * LOW HITPOINT WARNING * * *
You feel sick. Ijyb hits you with an enchanted club.
You die...

... . ...... .. ...... #
...###### ...... .
........##......
#........(.....
##.....g........
.......(@..#######
.................#. ##
................... #.
#.......##......# #.
#.......##......# #.
..###.......##......# #.
........####.........# #.
##.........####.........#
#.
#.................[##.....
.#.


You could see Ijyb and a friendly spectral spear.

Vanquished Creatures
  An orc wizard (D:3)
  An orc priest (D:3)
  4 adders
  A gnoll (D:1)
  A worm (D:2)
  2 dart slugs (D:1)
  2 leopard geckos (D:1)
  4 orcs (D:3)
  A giant cockroach (D:2)
  5 goblins
  5 hobgoblins
  12 kobolds
  2 quokkas (D:2)
  A ball python (D:3)
  10 bats
  4 frilled lizards (D:2)
  7 rats
63 creatures vanquished.

Notes
Turn   | Place    | Note
-------+----------+-------------------------------------------
     0 | D:1      | emperorscorpion the Gnoll Skald began the quest for the Orb.
     0 | D:1      | Reached XP level 1. HP: 20/20 MP: 6/6
   154 | D:1      | Reached XP level 2. HP: 23/26 MP: 7/7
   420 | D:1      | Found a shattered altar of Ashenzari.
   440 | D:1      | Became a worshipper of Ashenzari the Shackled
   489 | D:1      | Reached XP level 3. HP: 23/31 MP: 9/9
   496 | D:1      | Learned a level 3 spell: Regeneration
   500 | D:1      | Learned a level 3 spell: Spectral Weapon
   593 | D:1      | Reached skill level 5 in Spellcasting
  1038 | D:2      | Reached skill level 1 in Invocations
  1336 | D:2      | Reached skill level 1 in Short Blades
  1336 | D:2      | Reached skill level 1 in Long Blades
  1336 | D:2      | Reached skill level 1 in Axes
  1336 | D:2      | Reached skill level 1 in Maces & Flails
  1336 | D:2      | Reached skill level 1 in Staves
  1336 | D:2      | Reached skill level 1 in Slings
  1336 | D:2      | Reached skill level 1 in Bows
  1336 | D:2      | Reached skill level 1 in Crossbows
  1336 | D:2      | Reached skill level 1 in Throwing
  1336 | D:2      | Reached skill level 1 in Stealth
  1336 | D:2      | Reached skill level 1 in Shields
  1336 | D:2      | Reached skill level 1 in Unarmed Combat
  1336 | D:2      | Reached skill level 1 in Evocations
  1437 | D:2      | Reached XP level 4. HP: 24/38 MP: 8/11
  2255 | D:3      | Reached skill level 1 in Conjurations
  2255 | D:3      | Reached skill level 1 in Hexes
  2255 | D:3      | Reached skill level 1 in Summonings
  2255 | D:3      | Reached skill level 1 in Necromancy
  2255 | D:3      | Reached skill level 1 in Translocations
  2255 | D:3      | Reached skill level 1 in Transmutations
  2255 | D:3      | Reached skill level 1 in Fire Magic
  2255 | D:3      | Reached skill level 1 in Ice Magic
  2255 | D:3      | Reached skill level 1 in Air Magic
  2255 | D:3      | Reached skill level 1 in Earth Magic
  2255 | D:3      | Reached skill level 1 in Poison Magic
  2404 | D:3      | Reached XP level 5. HP: 21/43 MP: 6/12
  2568 | D:3      | Noticed Ijyb
  2601 | D:3      | HP: 2/43 [Ijyb/enchanted club (5)]
  2602 | D:3      | Gained mutation: You have large cloven feet. [potion of mutation]
  2602 | D:3      | Gained mutation: You have a pair of small horns on your head. [potion of mutation]
  2603 | D:3      | Slain by Ijyb

Vault maps used:
D:1:      minmay_arrival_solitary_statue, ashenzari_altar_1
D:3:      uniq_ijyb

Skill      XL: |  1  2  3  4  5 |
---------------+----------------+-----
Spellcasting   | 5 |  5.2
Invocations    | 1 |  1.7
Short Blades   | 1 |  1.5
Long Blades    | 1 |  1.5
Axes           | 1 |  1.5
Maces & Flails | 1 |  1.5
Staves         | 1 |  1.5
Slings         | 1 |  1.5
Bows           | 1 |  1.5
Crossbows      | 1 |  1.5
Throwing       | 1 |  1.5
Stealth        | 1 |  1.5
Shields        | 1 |  1.5
Unarmed Combat | 1 |  1.5
Evocations     | 1 |  1.5
Conjurations   | 1 |  1.2
Hexes          | 1 |  1.2
Summonings     | 1 |  1.2
Necromancy     | 1 |  1.2
Translocations | 1 |  1.2
Transmutations | 1 |  1.2
Fire Magic     | 1 |  1.2
Ice Magic      | 1 |  1.2
Air Magic      | 1 |  1.2
Earth Magic    | 1 |  1.2
Poison Magic   | 1 |  1.2
Armour         | 3 |  3.0
Fighting       | |  4.8
Polearms       | |  4.8
Dodging        | |  4.8
Charms         | |  5.5

Action                   |  1- 3 |  4- 6 || total
-------------------------+-------+-------++-------
Melee: Spear             |   107 |    99 ||   206
       Bite              |     9 |    10 ||    19
       Punch             |     1 |       ||     1
 Cast: Spectral Weapon   |     6 |     9 ||    15
       Infusion          |     1 |       ||     1
       Regeneration      |       |     1 ||     1
Invok: Curse Item        |       |     1 ||     1
  Use: Potion            |       |     2 ||     2
 Stab: Sleeping          |     1 |     2 ||     3
  Eat: Chunk             |     2 |     4 ||     6
Armor: Leather armour    |    14 |    21 ||    35
Dodge: Dodged            |    54 |    41 ||    95

Table legend:
 A = Spawn XP
 B = Non-spawn XP
 C = Spawn XP percentage of total XP
 D = Spawn monster count
 E = Non-spawn monster count
 F = Spawn count percentage of total count
 G = Total turns spent on level
                    A         B        C        D         E        F      G
               +---------+---------+-------+---------+---------+-------+---------
         Total |       0 |     248 |   0.0 |       0 |      63 |   0.0 |  2603
               +---------+---------+-------+---------+---------+-------+---------
           D:1 |       0 |      47 |   0.0 |       0 |      19 |   0.0 |   916
           D:2 |       0 |      81 |   0.0 |       0 |      30 |   0.0 |  1321
           D:3 |       0 |     120 |   0.0 |       0 |      14 |   0.0 |   366
               +---------+---------+-------+---------+---------+-------+---------
